 Dungeon Crawl Stone Soup version 0.28.0-53-g5a82cb258f (webtiles) character file.

Game seed: 17220179590736635479

30 hawla the Magician (level 3, 0/19 HPs)
             Began as a Deep Elf Fire Elementalist on June 6, 2022.
             Succumbed to Sigmund's poison
             ... on level 2 of the Dungeon.
             The game lasted 00:03:09 (1174 turns).

hawla the Magician (Deep Elf Fire Elementalist)     Turns: 1174, Time: 00:03:10

Health: 0/19       AC:  2    Str:  3 (5)  XL:     3   Next: 3%
Magic:  8/10       EV:  9    Int: 20 (21) God:
Gold:   12         SH:  0    Dex: 12 (15) Spells: 7/10 levels left

rFire   . . .      SeeInvis .   (no weapon)
rCold   . . .      Faith    .   (no shield)
rNeg    . . .      Spirit   .   a - +0 robe
rPois   .          Reflect  .   (no helmet)
rElec   .          Harm     .   (no cloak)
rCorr   .          Rampage  .   (no gloves)
Will    .....                   (no boots)
Stlth   ++........              (no amulet)
HPRegen 0.06/turn               (no ring)
MPRegen 0.12/turn               (no ring)

@: lethally poisoned (0 -> -8), constricted
A: no striking features
a: no special abilities


You were on level 2 of the Dungeon.
You visited 1 branch of the dungeon, and saw 2 of its levels.

You collected 12 gold pieces.

Inventory:

Armour
 a - a +0 robe (worn)
Potions
 c - a potion of might
 f - a potion of attraction {unknown}


   Skills:
 + Level 0.1 Fighting
 + Level 2.6 Dodging
 + Level 2.5 Stealth
 + Level 4.2 Spellcasting
 + Level 1.2 Conjurations
 + Level 3.6 Fire Magic


You had 7 spell levels left.
You knew the following spells:

 Your Spells              Type           Power      Damage    Failure   Level
a - Foxfire               Conj/Fire      52%        2x1d6     4%          1
b - Scorch                Fire           36%        2d7       4%          2

Your spell library contained the following spells:

 Spells                   Type           Power      Damage    Failure   Level
 Conjure Flame            Conj/Fire      13%        6-21      14%         3
 Inner Flame              Hex/Fire       11%        N/A       19%         3
 Flame Wave               Conj/Fire      13%        2d6       43%         4


Dungeon Overview and Level Annotations

Branches:
Dungeon (2/15)

Altars:

Annotations:
D:2 Natasha, Sigmund


Message History

Sigmund, Natasha and a ball python come into view.
Sigmund is wielding a +1 scythe of venom.
The frilled lizard hisses angrily.
Sigmund points at you and mumbles some strange words.
The magic dart hits you.
The ball python hisses angrily.
You hit the frilled lizard.
The frilled lizard is heavily wounded.
The frilled lizard bites you.
Casting: Foxfire (safe; 4% risk of failure)
Confirm with . or Enter, or press ? or * to list all spells.
Flames lash the frilled lizard.
You kill the frilled lizard!
You hear a shout!
You hear an angry hiss.
A goblin comes into view. It is wielding a +0 dagger.
An endoplasm comes into view.
Casting: Scorch (safe; 4% risk of failure)
Confirm with . or Enter, or press ? or * to list all spells.
You can't see any susceptible monsters within range! (Use Z to cast anyway.)
You aren't carrying any scrolls.
Found a spear.
Natasha casts a spell.
Sigmund barely misses you. The ball python closely misses you. x2
The ball python completely misses you. The ball python grabs you.
The ball python constricts you.
Sigmund hits you with a +1 scythe of venom.
You are lethally poisoned!
You escape the ball python's grasp.
* * * LOW HITPOINT WARNING * * *
You feel very sick. The endoplasm completely misses you.
* * * LOW HITPOINT WARNING * * *
You feel very sick. The ball python closely misses you.
The ball python grabs you. The ball python constricts you.
There is a stone staircase leading up here.
It was a potion of degeneration.
There was something very wrong with that liquid.
You feel weakened.
You feel dopey.
You feel clumsy.
You die...

.......5h..#
###?.......##
........#...### ##
#....##...#
...####†.#..##..##
......g..##...#..##
.........####.##..#
........@S........#
.........J@.......#
..................#
..................#
..................#
...)..............#
..................#
.................
####..#########.


You could see Sigmund, an endoplasm, a goblin and a ball python.

Vanquished Creatures
  A gnoll (D:1)
  A dart slug (D:1)
  4 bats
  An endoplasm (D:1)
  2 giant cockroaches (D:1)
  A goblin (D:1)
  A hobgoblin (D:1)
  A kobold (D:1)
  2 ball pythons
  2 frilled lizards
  2 rats
18 creatures vanquished.

Vanquished Creatures (others)
  34 foxfires
  4 toadstools (D:1)
38 creatures vanquished.

Grand Total: 56 creatures vanquished

Notes
Turn   | Place    | Note
-------+----------+-------------------------------------------
     0 | D:1      | hawla the Deep Elf Fire Elementalist began the quest for
                  | the Orb.
     0 | D:1      | Reached XP level 1. HP: 10/10 MP: 6/6
   484 | D:1      | Reached XP level 2. HP: 15/15 MP: 4/8
   487 | D:1      | Learned a level 2 spell: Scorch
   820 | D:1      | Reached skill level 4 in Spellcasting
  1140 | D:2      | Reached XP level 3. HP: 19/19 MP: 8/10
  1165 | D:2      | Noticed Sigmund
  1165 | D:2      | Noticed Natasha
  1174 | D:2      | Succumbed to Sigmund's poison

Illustrated notes

Levels and vault maps discovered:
D:1:      ldierk_water_garden, layout_loops_ring
D:2:      layout_rooms, kennysheep_generic_room_8, uniq_sigmund, uniq_natasha

Skill      XL: |  1  2 |
---------------+-------+-----
Spellcasting   | 4 |  4.2
Fighting       | |  0.1
Dodging        | |  2.6
Stealth        | |  2.5
Conjurations   | |  1.2
Fire Magic     | |  3.6

Action                   || total
-------------------------++-------
Melee: Unarmed           ||     8
 Cast: Foxfire           ||    21
       Scorch            ||     6
  Use: Scroll            ||     3
       Potion            ||     1
Armor: Robe              ||     5
Dodge: Dodged            ||    29
